 Dungeon Crawl Stone Soup version 0.30-a0-374-g95c0257 (webtiles) character file.

Game seed: 10426323032899476051

171113 Geeful the Warrior (level 18, 169/169 HPs)
             Began as a Ghoul Monk on June 19, 2022.
             Was the Champion of Okawaru.
             Safely got out of the dungeon.
             The game lasted 02:04:06 (32896 turns).

Geeful the Warrior (Ghoul Monk)                    Turns: 32896, Time: 02:04:07

Health: 169/169    AC: 31    Str: 29    XL:     18   Next: 0%
Magic:  24/24      EV: 16    Int:  8    God:    Okawaru [******]
Gold:   1403       SH: 13    Dex: 12    Spells: 17/17 levels left

rFire   . . .      SeeInvis +      - Unarmed
rCold   + + .      Faith    .    U - +2 kite shield
rNeg    + + +      Spirit   .    c - +9 chain mail of the Bells {rC+ Int+3 Dex-3}
rPois   ∞          Reflect  .    J - +0 hat "Noqoc" {Rampage Dex+4 Slay+2}
rElec   .          Harm     .    l - +2 cloak {rCorr}
rCorr   +          Rampage  +    i - +1 pair of gloves of the Wild Haggis {Regen+ SInv}
Will    +....                    q - +1 pair of boots
Stlth   ..........               N - amulet of the acrobat
HPRegen 1.28/turn                u - +6 ring of strength
MPRegen 0.19/turn                M - +4 ring of evasion

@: no status effects
A: claws 1, cold resistance 1, negative energy resistance 3, inhibited
regeneration, torment resistance 2, devour on kill
a: Renounce Religion, Heroism, Finesse, Duel


You escaped.
You worshipped Okawaru.
Okawaru was exalted by your worship.
You visited 6 branches of the dungeon, and saw 31 of its levels.
You also visited: Volcano.

You collected 4316 gold pieces.
You spent 2913 gold pieces at shops.

Inventory:

Armour
 c - the +9 chain mail of the Bells (worn) {rC+ Int+3 Dex-3}
   (You bought it in a shop on level 4 of the Dungeon)

   Int:       It affects your intelligence (+3).
   Dex:       It affects your dexterity (-3).
   rC:        It protects you from cold.
 h - a scarf of resistance
 i - the +1 pair of gloves of the Wild Haggis (worn) {Regen+ SInv}
   (Okawaru gifted it to you on level 13 of the Dungeon)

   SInv:      It lets you see invisible.
   Regen:     It increases your rate of health regeneration.
 l - a +2 cloak of preservation (worn)
 q - a +1 pair of boots (worn)
 t - the +0 pair of gloves "Jubbox" {-Cast Str+4 Dex+4}
   (Okawaru gifted it to you on level 3 of the Spider Nest)

   Str:       It affects your strength (+4).
   Dex:       It affects your dexterity (+4).
   -Cast:     It prevents spellcasting.
 I - a +2 hat of intelligence
 J - the +0 hat "Noqoc" (worn) {Rampage Dex+4 Slay+2}
   (You found it on level 1 of the Orcish Mines)

   Dex:       It affects your dexterity (+4).
   Slay:      It affects your accuracy & damage with ranged weapons and melee
   (+2).
   Rampage:   It bestows one free step when moving towards enemies.
 K - the +0 hat of Loss {Harm Slay+3}
   (You found it on level 1 of the Orcish Mines)

   Slay:      It affects your accuracy & damage with ranged weapons and melee
   (+3).
   Harm:      It increases damage dealt and taken.
 T - a +2 pair of gloves of strength
 U - a +2 kite shield (worn)
Jewellery
 j - a +6 ring of strength
 n - a ring of see invisible
 u - a +6 ring of strength (left hand)
 A - an amulet of magic regeneration
 F - the amulet of Vaenus {RegenMP *Corrode rF+ Int+9 Dex-4}
   (You found it on level 6 of the Lair of Beasts)

   [amulet of magic regeneration]

   It increases your rate of magic regeneration.
   Int:       It affects your intelligence (+9).
   Dex:       It affects your dexterity (-4).
   rF:        It protects you from fire.
   *Corrode:  It may corrode you when you take damage.
 H - the ring of Ileuqa {Drain Will+ Dex+3 SInv}
   (You found it on level 6 of the Lair of Beasts)

   [ring of willpower]

   Dex:       It affects your dexterity (+3).
   SInv:      It lets you see invisible.
   Drain:     It drains your maximum health when unequipped.
   Will:      It increases your willpower.
 M - a +4 ring of evasion (right hand)
 N - an amulet of the acrobat (around neck)
 R - a ring of resist corrosion
Wands
 d - a wand of flame (124)
 w - a wand of paralysis (8)
 y - a wand of iceblast (15)
 C - a wand of polymorph (11)
 E - a wand of quicksilver (5)
 P - a wand of digging (17)
Scrolls
 e - 9 scrolls of teleportation
 o - 2 scrolls of fear
 x - 5 scrolls of blinking
 B - 3 scrolls of enchant weapon
 D - 6 scrolls of fog
 L - 2 scrolls of enchant armour
 O - 2 scrolls of poison
 Q - 3 scrolls of amnesia
 S - 2 scrolls of identify
Potions
 a - 4 potions of invisibility
 b - 2 potions of ambrosia
 f - 4 potions of cancellation
 g - 8 potions of curing
 k - 5 potions of attraction
 m - 3 potions of heal wounds
 p - 2 potions of might
 r - 2 potions of resistance
 s - 4 potions of brilliance
 v - 4 potions of flight
 z - 4 potions of haste
 G - 2 potions of magic


   Skills:
 + Level 17.0 Fighting
 + Level 14.2 Armour
 + Level 10.9 Dodging
 - Level 2.6 Stealth
 + Level 11.1 Shields
 + Level 17.0 Unarmed Combat
 - Level 10.0 Invocations


You had 17 spell levels left.
You didn't know any spells.
Your spell library contained the following spells:

 Spells                   Type           Power      Damage    Failure   Level
 Magic Dart               Conj           0%         1d3       97%         1
 Poisonous Vapours        Pois/Air       0%         N/A       99%         2
 Searing Ray              Conj           0%         2d4       99%         2
 Static Discharge         Conj/Air       0%         2-2/arc   99%         2
 Ignite Poison            Fire/Tmut/Pois 0%         N/A       100%        3
 Mephitic Cloud           Conj/Pois/Air  0%         N/A       100%        3
 Ozocubu's Armour         Ice            0%         N/A       100%        3
 Airstrike                Air            0%         2d(0-16)  100%        4
 Anguish                  Hex/Necr       0%         N/A       100%        4
 Dispel Undead            Necr           0%         3d6       100%        4
 Fulminant Prism          Conj/Hex       0%         3d5       100%        4
 Passage of Golubria      Tloc           0%         N/A       100%        4
 Sticky Flame             Conj/Fire      0%         2d3       100%        4
 Lightning Bolt           Conj/Air       0%         1d11      100%        5
 Silence                  Hex/Air        0%         N/A       100%        5
 Eringya's Noxious Bog    Tmut/Pois      0%         N/A       100%        6
 Enfeeble                 Hex            0%         N/A       100%        7
 Ozocubu's Refrigeration  Ice            0%         4d7       100%        7
 Lehudib's Crystal Spear  Conj/Erth      0%         10d2      100%        8
 Maxwell's Capacitive Co  Air            0%         ∞         100%        8
 Call Imp                 Summ           Unusable   N/A       N/A         2
 Summon Lightning Spire   Summ/Air       Unusable   N/A       N/A         4
 Summon Forest            Summ/Tloc      Unusable   N/A       N/A         5
 Storm Form               Tmut/Air       Unusable   N/A       N/A         7
 Summon Hydra             Summ           Unusable   N/A       N/A         7

Dungeon Overview and Level Annotations

Branches:
Dungeon (15/15)            Temple (1/1) D:4            Lair (6/6) D:10
  Swamp (3/4) Lair:2       Spider (4/4) Lair:2        Slime (0/5) Lair:5
    Orc (2/2) D:9             Elf (0/3) Orc:2        Vaults (0/5) D:13
Volcano (visited)
 Depths: D:15

Altars:
Dithmenos
Fedhas
Makhleb
Okawaru
Trog
Uskayaw
Vehumet
Wu Jian
Xom
Yredelemnul

Shops:
D:4 [   D:12 =   Orc:2 *[[(

Portals:
Hell: Lair:6

Annotations:
D:14 1 runed translucent door, Illumine's ghost, journeyman TrCA
Swamp:2 exclusion: downstairs
Orc:2 2 transporters, mbeke's ghost, journeyman DjFE


Innate Abilities, Weirdness & Mutations

You are immune to poison.
You have sharp fingernails.
Your flesh is cold resistant. (rC+)
You are immune to negative energy. (rN+++)
You do not regenerate when monsters are visible.
You are immune to unholy pain and torment.
You thrive by killing the living.


Message History

There is a staircase to the Lair here.
(D) Dungeon (T) Temple (L) Lair (S) Swamp (N) Spider Nest (M) Slime Pits (O) Orcish Mines (E) Elven Halls (V) Vaults (H) Hell
Where to? (Enter - D:10, ? - help)
What level of the Dungeon? (default 1, ? - help)
There is a stone staircase leading up here.
You climb upwards.
There is a stone staircase leading down here.
You see here a +0 war axe.
There is a stone staircase leading up here.
You climb upwards.
There is a stone staircase leading down here.
There is a stone staircase leading up here.
You climb upwards.
There is a stone staircase leading down here.
There is a stone staircase leading up here.
You climb upwards.
There is a stone staircase leading down here.
There is a stone staircase leading up here.
You climb upwards.
There is a stone staircase leading down here.
There is a stone staircase leading up here.
You climb upwards.
There is a stone staircase leading down here.
There is a stone staircase leading up here.
You climb upwards.
There is a stone staircase leading down here.
You see here a +0 chain mail.
There is a stone staircase leading up here.
You climb upwards.
There is a stone staircase leading down here.
You see here a +0 whip.
There is a stone staircase leading up here.
You climb upwards.
There is a stone staircase leading down here.
There is an open door here.
There is a staircase leading out of the dungeon here.
Are you sure you want to leave the Dungeon?
This will make you lose the game!
You have escaped!

### #### ####...... # #..##
##..#...... # #...# #########
#...#...... #
#...###...8...###...#+##### #
#...##..8...8..##.......... #
#...#8.........8#.......).. #
#####......8..(..8...........†.
###.......#8.........8#...#'#####
..........##..8.@.8..##...#.# ##
..........###...8...###...#.####.
..........# ######### #..........
.........## ##.........
.......###################..###..
###..............................
#....####.#######...####..###..
######.####.#######.#.# #.......
....##..............#.####..###..


There were no monsters in sight!

Vanquished Creatures
  Arachne (Spider:4)
  Jorgrun (D:13)
  Mlioglotl (Lair:2)
  Frances (D:12)
  A fenstrider witch (Swamp:3)
  4 emperor scorpions
  2 ghost moths (Spider:3)
  Nessos (D:13)
  6 eleionomae
  4 entropy weavers
  3 spark wasps
  2 bunyips (Swamp:2)
  An ettin (D:13)
  A fire dragon (Volcano)
  10 hydras
  The ghost of collaery the Trooper, a journeyman HuBe of Trog (D:10)
  3 catoblepae
  A ghost crab (Swamp:3)
  6 boulder beetles
  2 ogre magi (Orc:2)
  11 alligators
  10 two-headed ogres
  6 death yaks (Lair:4)
  A tengu warrior (D:13)
  2 spriggans
  Nergalle (D:10)
  Sonja (D:13)
  A sixfirhy (Lair:6)
  8 pharaoh ants
  A sun moth (Spider:3)
  Amaemon (D:8)
  7 goliath frogs
  8 steelbarb worms
  4 orb spiders
  5 bog bodies
  2 deep trolls
  4 swamp dragons
  A phantasmal warrior (D:13)
  A wizard (Lair:6)
  An orc knight (D:15)
  3 deep elf pyromancers
  A deep elf zephyrmancer (Orc:1)
  4 lindwurms
  16 wolf spiders
  An oklob plant (Lair:6)
  6 cyclopes
  7 ugly things
  2 orc sorcerers
  2 will-o-the-wisps (Swamp:3)
  2 moths of wrath
  8 elephants
  3 black mambas
  Maurice (D:11)
  2 orange demons
  5 torpor snails
  9 rime drakes
  22 cane toads
  9 komodo dragons
  A hellwing (Lair:6)
  9 demonic crawlers
  6 kobold demonologists
  4 ice devils (Lair:6)
  A polar bear (Lair:6)
  A red devil (Lair:6)
  12 trolls
  9 meliai
  2 hornets
  18 slime creatures
  19 tyrant leeches
  20 tarantellas
  A dream sheep (Lair:4)
  15 blink frogs
  3 wraiths
  24 jumping spiders
  7 wyverns
  19 culicivoras
  A water elemental (D:13)
  7 yaks
  5 basilisks
  6 steam dragons
  Grum (D:8)
  3 fire bats (Lair:6)
  29 redbacks
  9 wargs
  16 swamp worms
  An acid dragon (D:14)
  6 hell hounds
  11 water moccasins
  Duvessa (D:4)
  2 swamp drakes
  22 orc warriors
  3 ice beasts
  4 black bears
  A sky beast (D:7)
  32 ogres
  29 wolves
  A phantom (D:6)
  3 centaurs
  7 kobold brigands
  13 bullfrogs
  6 gnoll sergeants
  4 scorpions
  Dowan (D:4)
  12 wights
  13 killer bees
  7 howler monkeys
  2 electric eels
  A crimson imp (Orc:1)
  7 hounds
  4 orc priests
  A gnoll bouda (D:8)
  An iron imp (Orc:1)
  3 jellies
  Crazy Yiuf (D:7)
  2 iguanas
  24 orc wizards
  8 adders
  21 gnolls
  A shadow imp (Orc:1)
  2 white imps
  4 dart slugs
  61 orcs
  4 endoplasms
  A giant cockroach (D:1)
  5 goblins
  6 hobgoblins
  6 jackals
  20 kobolds
  4 quokkas
  6 ball pythons
  4 bats
  A frilled lizard (D:2)
  10 rats
868 creatures vanquished.

Vanquished Creatures (others)
  A bunyip (Swamp:1)
  A goliath frog (Swamp:3)
  A bloated husk (Swamp:1)
  A ball python (D:4)
  10 foxfires (Swamp:3)
  7 fungi
  13 plants
34 creatures vanquished.

Grand Total: 902 creatures vanquished

Notes
Turn   | Place    | Note
-------+----------+-------------------------------------------
     0 | D:1      | Geeful the Ghoul Monk began the quest for the Orb.
     0 | D:1      | Reached XP level 1. HP: 19/19 MP: 0/0
   239 | D:1      | Reached XP level 2. HP: 26/26 MP: 1/1
   671 | D:1      | Reached XP level 3. HP: 29/31 MP: 2/2
  1201 | D:2      | Reached skill level 1 in Armour
  1308 | D:2      | Reached XP level 4. HP: 40/40 MP: 3/3
  2554 | D:4      | Reached XP level 5. HP: 40/47 MP: 4/4
  3051 | D:4      | Found a bloodstained altar of Trog.
  3130 | D:4      | Found a staircase to the Ecumenical Temple.
  3133 | D:4      | Noticed an ogre
  3149 | D:4      | Killed an ogre
  3150 | D:4      | Reached skill level 5 in Fighting
  3150 | D:4      | Reached skill level 5 in Unarmed Combat
  3150 | D:4      | Reached XP level 6. HP: 28/56 MP: 5/5
  3173 | Temple   | Entered the Ecumenical Temple
  3181 | Temple   | Became a worshipper of Warmaster Okawaru
  3181 | Temple   | Reached * piety under Okawaru
  3181 | Temple   | Reached ** piety under Okawaru
  3340 | D:4      | Found Rebliq's Antique Armour Boutique.
  3363 | D:4      | Noticed Duvessa
  3363 | D:4      | Noticed Dowan
  3380 | D:4      | Killed Duvessa
  3381 | D:4      | Reached XP level 7. HP: 55/61 MP: 6/6
  3400 | D:4      | Killed Dowan
  3810 | D:4      | Bought an ancient chain mail for 228 gold pieces
  3810 | D:4      | Identified the +9 chain mail of the Bells {rC+ Int+3 Dex-3}
                  | (You bought it in a shop on level 4 of the Dungeon)
  3866 | D:4      | Found a shadowy altar of Dithmenos.
  4037 | D:5      | Entered Level 5 of the Dungeon
  4246 | D:5      | Reached XP level 8. HP: 66/71 MP: 7/7
  5154 | D:5      | Identified a scroll of acquirement
  5154 | D:5      | Acquired 794 gold pieces
  5218 | D:4      | Bought a twisted plate armour for 672 gold pieces
  5218 | D:4      | Identified the +0 plate armour of Omission {rF+ rC+} (You
                  | bought it in a shop on level 4 of the Dungeon)
  5218 | D:4      | Bought a bloodstained cloak for 228 gold pieces
  5218 | D:4      | Identified the +0 cloak of Sucyddar {+Inv rPois} (You
                  | bought it in a shop on level 4 of the Dungeon)
  5393 | D:6      | Reached *** piety under Okawaru
  5425 | D:6      | Reached skill level 5 in Armour
  5597 | D:6      | Reached skill level 1 in Invocations
  5888 | D:6      | Reached XP level 9. HP: 68/79 MP: 7/9
  6106 | D:7      | Reached **** piety under Okawaru
  6922 | D:7      | Found a runed translucent door.
  6923 | D:7      | Noticed Crazy Yiuf
  6928 | D:7      | Killed Crazy Yiuf
  7668 | D:8      | Noticed an orange demon
  7687 | D:8      | Reached ***** piety under Okawaru
  7689 | D:8      | Killed an orange demon
  7690 | D:8      | Reached skill level 5 in Invocations
  7690 | D:8      | Reached XP level 10. HP: 75/91 MP: 12/12
  7693 | D:8      | Noticed Amaemon
  7704 | D:8      | Killed Amaemon
  7704 | D:8      | Received a gift from Okawaru
  7880 | D:8      | Noticed Grum
  7895 | D:8      | Killed Grum
  9046 | D:9      | Found a staircase to the Orcish Mines.
  9059 | D:9      | Received a gift from Okawaru
  9092 | D:9      | Reached skill level 10 in Fighting
  9092 | D:9      | Reached skill level 10 in Unarmed Combat
  9103 | D:9      | Reached XP level 11. HP: 84/99 MP: 11/15
  9620 | D:10     | Entered Level 10 of the Dungeon
  9733 | D:10     | Found a staircase to the Lair.
  9734 | D:10     | Noticed Nergalle
  9748 | D:10     | Killed Nergalle
  9839 | D:10     | Found a runed translucent door.
  9839 | D:10     | Noticed collaery's ghost (journeyman HuBe)
 10078 | D:10     | Found a blossoming altar of Fedhas.
 10545 | D:11     | Noticed a sun demon
 10704 | D:11     | Noticed Maurice
 10716 | D:11     | Killed Maurice
 10905 | D:11     | Noticed a two-headed ogre
 10909 | D:11     | Killed a two-headed ogre
 10997 | D:11     | Noticed a cyclops
 11005 | D:11     | Killed a cyclops
 11274 | D:11     | Identified the +1 long sword "Usuelasi" {antimagic, rPois
                  | rF+ Str+3 Stlth-}
 11318 | D:11     | You fall into a shaft and drop 2 floors!
 11341 | D:13     | Noticed a five-headed hydra
 11351 | D:13     | Killed a five-headed hydra
 11351 | D:13     | Identified the +1 pair of gloves of the Wild Haggis {Regen+
                  | SInv} (Okawaru gifted it to you on level 13 of the Dungeon)
 11351 | D:13     | Received a gift from Okawaru
 11357 | D:13     | Noticed a cyclops
 11364 | D:13     | Killed a cyclops
 11721 | D:12     | Noticed a boulder beetle
 11761 | Lair:1   | Entered Level 1 of the Lair of Beasts
 11930 | Lair:1   | Reached XP level 12. HP: 110/110 MP: 17/17
 11951 | Lair:1   | Noticed a five-headed hydra
 11961 | Lair:1   | Killed a five-headed hydra
 12918 | Lair:2   | Reached skill level 1 in Shields
 13060 | Lair:2   | Found a staircase to the Swamp.
 13215 | Lair:2   | Noticed a six-headed hydra
 13222 | Lair:2   | Killed a six-headed hydra
 13278 | Lair:2   | Found a hole to the Spider Nest.
 13887 | Lair:3   | Acquired 523 gold pieces
 13907 | Lair:3   | Noticed a six-headed hydra
 13939 | Lair:3   | Reached ****** piety under Okawaru
 13949 | Lair:3   | Identified the +7 battleaxe "Olymamed" {elec, rPois rC++}
                  | (Okawaru gifted it to you on level 3 of the Lair of Beasts)
 13949 | Lair:3   | Received a gift from Okawaru
 13953 | Lair:3   | Killed a six-headed hydra
 14168 | Lair:3   | Reached skill level 10 in Invocations
 14623 | Lair:4   | Found a hide-covered altar of Uskayaw.
 14738 | Lair:4   | Found the +8 arc blade {discharge, rElec}
 14924 | Lair:4   | Noticed a death yak
 14924 | Lair:4   | Noticed a death yak
 14956 | Lair:4   | Killed a death yak
 14957 | Lair:4   | Reached skill level 10 in Armour
 14960 | Lair:4   | Noticed a death yak
 14962 | Lair:4   | Noticed a death yak
 14963 | Lair:4   | Noticed a death yak
 14967 | Lair:4   | Killed a death yak
 14968 | Lair:4   | Reached XP level 13. HP: 111/119 MP: 13/19
 14974 | Lair:4   | Received a gift from Okawaru
 16069 | Lair:5   | Found a staircase to the Slime Pits.
 16094 | Lair:5   | Received a gift from Okawaru
 16095 | Lair:5   | Reached skill level 5 in Shields
 16312 | Lair:5   | Reached skill level 5 in Dodging
 16835 | Lair:6   | Entered Level 6 of the Lair of Beasts
 17063 | Lair:6   | Identified the +0 chain mail "Henuytse" {Rampage Drain MP+9
                  | Str-3} (Okawaru gifted it to you on level 6 of the Lair of
                  | Beasts)
 17063 | Lair:6   | Received a gift from Okawaru
 17071 | Lair:6   | Found a dark tunnel.
 17080 | Lair:6   | Reached XP level 14. HP: 129/129 MP: 20/20
 17105 | Volcano  | Entered a volcano
 17992 | Lair:6   | Identified the ring of Ileuqa {Drain Will+ Dex+3 SInv}
 18640 | Lair:6   | Found a burning altar of Makhleb.
 18743 | Lair:6   | Found a gateway to Hell.
 18750 | Lair:6   | Identified the amulet of Vaenus {RegenMP *Corrode rF+ Int+9
                  | Dex-4}
 19030 | Orc:1    | Entered Level 1 of the Orcish Mines
 19099 | Orc:1    | Received a gift from Okawaru
 19343 | Orc:1    | Identified the +0 hat "Noqoc" {Rampage Dex+4 Slay+2}
 19345 | Orc:1    | Identified the +0 hat of Loss {Harm Slay+3}
 19410 | Orc:2    | Entered Level 2 of the Orcish Mines
 19421 | Orc:2    | Found a shimmering altar of Xom.
 19504 | Orc:2    | Found a staircase to the Elven Halls.
 19709 | Orc:2    | Found Boets's Weapon Shoppe.
 19877 | Orc:1    | Reached XP level 15. HP: 82/139 MP: 18/21
 19958 | Orc:2    | Paralysed by an ogre mage for 3 turns
 20014 | Orc:2    | Identified the +0 helmet of the Storm King {rPois Str+4}
                  | (Okawaru gifted it to you on level 2 of the Orcish Mines)
 20014 | Orc:2    | Received a gift from Okawaru
 20056 | Orc:2    | Found Sitepol's Armour Boutique.
 20057 | Orc:2    | Found Ykkuu's Antique Armour Shop.
 20078 | Orc:2    | Found Ydybout's Assorted Antiques.
 20128 | Orc:2    | Bought 2 potions of haste for 620 gold pieces
 20128 | Orc:2    | Bought 2 potions of heal wounds for 310 gold pieces
 20128 | Orc:2    | Bought 2 scrolls of enchant armour for 465 gold pieces
 20163 | Orc:2    | Noticed mbeke's ghost (journeyman DjFE)
 20627 | Orc:2    | Found a transporter.
 20642 | Orc:2    | Noticed an orc warlord
 20788 | Orc:2    | Found a transporter.
 21129 | D:12     | Found Lauros's Jewellery Shoppe.
 21165 | D:12     | Bought an amulet of the acrobat for 390 gold pieces
 21201 | D:12     | Noticed Frances
 21222 | D:12     | Killed Frances
 21412 | D:12     | Upgraded the game from 0.29-a0-635-gc2a2f26 to
                  | 0.29-a0-819-g94b489e
 21662 | D:13     | Noticed Sonja
 21675 | D:13     | Killed Sonja
 21704 | D:13     | Noticed Jorgrun
 21741 | D:13     | Killed Jorgrun
 22042 | D:13     | Found a gate to the Vaults.
 22091 | D:13     | Noticed Nessos
 22099 | D:13     | Killed Nessos
 22757 | D:14     | Found a blossoming altar of Fedhas.
 22805 | D:14     | Found a runed translucent door.
 22805 | D:14     | Found a shimmering altar of Xom.
 22805 | D:14     | Noticed Illumine's ghost (journeyman TrCA)
 23005 | D:14     | Reached skill level 15 in Unarmed Combat
 23032 | D:14     | Reached skill level 15 in Fighting
 23633 | D:14     | Received a gift from Okawaru
 23766 | D:15     | Entered Level 15 of the Dungeon
 24002 | D:10     | Killed collaery's ghost
 24123 | Swamp:1  | Entered Level 1 of the Swamp
 24224 | Swamp:1  | Received a gift from Okawaru
 24257 | Swamp:1  | Reached XP level 16. HP: 149/149 MP: 22/22
 26153 | Swamp:3  | Noticed a fenstrider witch
 26175 | Swamp:3  | Killed a fenstrider witch
 26844 | Spider:1 | Entered Level 1 of the Spider Nest
 27067 | Spider:1 | Noticed Mlioglotl
 27212 | Lair:2   | Reached skill level 10 in Shields
 27253 | Lair:2   | Reached XP level 17. HP: 124/158 MP: 23/23
 27295 | Lair:2   | Killed Mlioglotl
 27522 | Spider:1 | Identified the +1 plate armour of Nuyzisul {Dex+2} (Okawaru
                  | gifted it to you on level 1 of the Spider Nest)
 27522 | Spider:1 | Received a gift from Okawaru
 27523 | Spider:1 | Reached skill level 10 in Dodging
 27947 | Spider:1 | Upgraded the game from 0.29-a0-819-g94b489e to
                  | 0.29-a0-824-gd827844
 31494 | Spider:3 | Identified the +0 pair of gloves "Jubbox" {-Cast Str+4
                  | Dex+4} (Okawaru gifted it to you on level 3 of the Spider
                  | Nest)
 31494 | Spider:3 | Received a gift from Okawaru
 31852 | Spider:4 | Entered Level 4 of the Spider Nest
 32492 | Spider:4 | Noticed Arachne
 32574 | Spider:4 | Killed Arachne
 32604 | Spider:4 | Upgraded the game from 0.29-a0-824-gd827844 to
                  | 0.30-a0-374-g95c0257
 32659 | Spider:2 | Killed an entropy weaver
 32660 | Spider:2 | Reached XP level 18. HP: 155/169 MP: 24/24
 32896 | D:$      | Safely got out of the dungeon.

Illustrated notes

Levels and vault maps discovered:
D:1:      erik_arrival_orb_chamber, layout_basic
D:2:      minmay_angry_zag, layout_basic
D:3:      layout_rooms, serial_curves, eino_curves_01, eino_curves_01
D:4:      layout_basic, lemuel_round_altar, elyvilon_altar_4,
          mainiacjoe_overflow_boulevard, minmay_temple_entry_mist, serial_shops,
          nicolae_shop_stone, serial_glass, glass_columns_b, glass_columns_a,
          minmay_strange_pillars, uniq_duvessa
D:5:      layout_basic, dreamdust_gnoll_farm
D:6:      layout_loops_cross, minivault_22, grunt_ministairs_12
D:7:      layout_basic, uniq_crazy_yiuf_cottage
D:8:      layout_cave_pools, uniq_amaemon, uniq_grum
D:9:      layout_loops_corners, kennysheep_orc_monster_closet_entryway
D:10:     layout_loops_cross, marbit_many_paths, lair_entry_dummy,
          ebering_ghost_reflecting_pool, uniq_nergalle
D:11:     layout_basic, uniq_maurice
D:12:     layout_cave_pools, serial_shops, shop, uniq_frances
D:13:     layout_big_octagon, david_vaults_4, nooodl_orcs_dogs, uniq_jorgrun,
          uniq_sonja, uniq_nessos
D:14:     layout_roguey, ebering_ghost_xom, fedhas_ov_isle_minmay
D:15:     grunt_enter_depths_hoard, layout_loops_corners
Temple:   regret_index_temple_mists
Lair:1:   layout_cave_pods
Lair:2:   layout_regular_city, minmay_swamp_entry_worms,
          hellmonk_spider_entry_not_the_bees, minivault_25
Lair:3:   layout_cave_pods, st_stairs_4, infiniplex_staircase_pool
Lair:4:   layout_cave_pods, basic_altar, nzn_random_ring
Lair:5:   layout_long_grid, slime_dummy, lemuel_old_faithful
Lair:6:   evil_forest, layout_cave_pods, nicolae_volcano_entry_batcave,
          grunt_megastairs_2, lemuel_fruit_tree, infiniplex_staircase_pool_2
Swamp:1:  layout_basic_swamp, hangedman_swamp_ruin_wall, swamp_pool2,
          worms_lemuel
Swamp:2:  layout_basic_swamp, nicolae_swamp_bean_lake
Swamp:3:  layout_basic_swamp, evilmike_swamp_ruin_house_1
Spider:1: layout_spider_delve, uniq_mlioglotl
Spider:2: layout_cave_pods, hangedman_spider_tarantella_strand
Spider:3: nicolae_spider_hilbert_zone_6 [nicolae_spider_hilbert_4_sides_1_open,
          nicolae_spider_hilbert_4_sides_1_open,
          nicolae_spider_hilbert_4_sides_1_open,
          nicolae_spider_hilbert_4_sides_1_open,
          nicolae_spider_hilbert_4_sides_1_open,
          nicolae_spider_hilbert_4_sides_1_open,
          nicolae_spider_hilbert_4_sides_1_open]
Spider:4: hellmonk_spider_rune_bug_friends, uniq_bai_suzhen, uniq_arachne,
          uniq_kirke
Orc:1:    layout_diamond_mine, hangedman_minor_magic
Orc:2:    st_orc_open, layout_caves, gammafunk_ghost_abyssal_escape, basic_altar

Skill      XL: |  1  2  3  4  5  6  7  8  9 10 11 12 13 14 15 16 17 |
---------------+----------------------------------------------------+-----
Dodging        | 3 5 7 8 9 10 | 10.9
Armour         | 1 2 3 4 5 6 7 9 10 11 12 13 14 | 14.2
Fighting       | 4 5 6 7 9 10 11 12 13 14 15 16 17 | 17.0
Unarmed Combat | 4 5 6 7 9 10 11 12 13 14 15 16 17 | 17.0
Invocations    | 1 5 6 8 10 | 10.0
Shields        | 3 5 7 8 10 11 | 11.1
Stealth        | |  2.6

Action                   |  1- 3 |  4- 6 |  7- 9 | 10-12 | 13-15 | 16-18 || total
-------------------------+-------+-------+-------+-------+-------+-------++-------
Melee: Unarmed           |   110 |   110 |   342 |   616 |  1420 |  1315 ||  3913
       Punch             |     3 |     2 |    15 |    41 |       |       ||    61
Invok: Heroism           |       |       |       |    10 |    14 |    10 ||    34
       Finesse           |       |       |       |     1 |     5 |     6 ||    12
Evoke: Wand              |       |    16 |       |    11 |     7 |     8 ||    42
  Use: Scroll            |       |    10 |     9 |     9 |     9 |     5 ||    42
       Potion            |       |     2 |       |     1 |     4 |     3 ||    10
 Stab: Sleeping          |     6 |     1 |       |       |       |       ||     7
       Paralysed         |       |       |       |       |    12 |     5 ||    17
Armor: Robe              |     9 |       |       |       |       |       ||     9
       Ring mail         |     7 |    18 |       |       |       |       ||    25
       Scale mail        |       |    21 |     9 |       |       |       ||    30
       Chain mail        |       |       |   157 |   381 |   734 |   646 ||  1918
Dodge: Dodged            |    70 |    46 |   135 |   284 |   600 |   992 ||  2127
Block: Buckler           |       |       |       |     1 |   297 |   226 ||   524
       Kite shield       |       |       |       |       |       |   361 ||   361

Table legend: (Time is in decaauts)
 A = Elapsed time spent in this place.
 B = Non-inter-level travel time spent in this place.
 C = Inter-level travel time spent in this place.
 D = Time resting spent in this place.
 E = Time spent auto-exploring this place.
 F = Levels seen in this place.
 G = Mean time per level.
                   A        B        C        D        E       F      G
               +--------+--------+--------+--------+--------+-----+--------+
         Total |  32128 |  30177 |   1951 |   2131 |  19725 |  32 | 1004.0 |
       Dungeon |  14767 |  13890 |    877 |    406 |  10318 |  15 |  984.5 |
        Temple |     18 |      8 |     10 |      0 |      0 |   1 |   18.0 |
          Lair |   7297 |   6687 |    610 |    340 |   4543 |   6 | 1216.2 |
         Swamp |   2666 |   2550 |    116 |    285 |   1396 |   3 |  888.7 |
   Spider Nest |   5224 |   4964 |    260 |    932 |   2712 |   4 | 1306.0 |
  Orcish Mines |   1856 |   1780 |     76 |    143 |    752 |   2 |  928.0 |
       Volcano |    298 |    298 |      0 |     25 |      2 |   1 |  298.0 |
               +--------+--------+--------+--------+--------+-----+--------+

Top non-repeatable levels by time:
Spider:2: 2016 daAuts
Spider:3: 1939 daAuts
  Lair:6: 1651 daAuts
     D:7: 1648 daAuts
     D:4: 1492 daAuts
     D:9: 1350 daAuts
  Lair:1: 1323 daAuts
  Lair:4: 1300 daAuts
    D:13: 1269 daAuts
    D:11: 1227 daAuts
  Lair:2: 1219 daAuts
     D:5: 1197 daAuts
   Orc:2: 1077 daAuts
    D:14: 1035 daAuts
     D:2: 986 daAuts
